 Dungeon Crawl Stone Soup version 0.21.1-1-g345015f (webtiles) character file.

347 inc the Scratcher (level 6, 31/31 HPs)
             Began as a Felid Fighter on Apr 22, 2018.
             Was an Initiate of Qazlal.
             Quit the game on level 4 of the Dungeon.
             The game lasted 00:08:23 (5772 turns).

inc the Scratcher (Felid Fighter)                   Turns: 5772, Time: 00:08:23

Health: 31/31      AC:  2    Str: 19    XL:     6   Next: 32%
Magic:  7/7        EV: 19    Int: 10    God:    Qazlal [......]
Gold:   288        SH:  0    Dex: 16    Spells: 5/5 levels left
                                        Lives:  1   Deaths: 1

rFire    . . .     SeeInvis +     - Unarmed
rCold    . . .     Gourm    .   (shield unavailable)
rNeg     . . .     Faith    .   (armour unavailable)
rPois    .         Spirit   .   (helmet unavailable)
rElec    .         Reflect  .   (cloak unavailable)
rCorr    +         Harm     .   (gloves unavailable)
MR       .....                  (boots unavailable)
Stlth    +.........             (no amulet)
HPRegen  0.10/turn              s - ring of resist corrosion
MPRegen  0.10/turn              i - +6 ring of strength

@: flying, quick
A: very small, no armour, no weapons or thrown items, stealth, claws 1, fangs 3,
see invisible, carnivore, speed 1, shaggy fur 2, slow metabolism 1, sharp paws
a: Renounce Religion


You were on level 4 of the Dungeon.
You worshipped Qazlal.
Qazlal was noncommittal.
You were not hungry.

You visited 2 branches of the dungeon, and saw 8 of its levels.

You collected 288 gold pieces.

Inventory:

Jewellery
 h - an uncursed amulet of the gourmand
 i - a +6 ring of strength (right paw)
 n - an uncursed ring of protection from cold
 s - a ring of resist corrosion (left paw)
Wands
 k - a wand of flame (36)
Scrolls
 a - a scroll of noise {unknown}
 c - a scroll of remove curse {unknown}
 d - 7 scrolls of identify
 j - a scroll of fear
 q - a scroll of amnesia
 r - a scroll of enchant armour {unknown}
Potions
 f - 2 potions of lignification
 g - a potion of berserk rage
 m - 2 potions of heal wounds
 p - a potion of cancellation
Comestibles
 b - 12 rations


   Skills:
 + Level 6.1 Fighting
 - Level 4.0 Dodging
 - Level 7.2 Unarmed Combat


You had 5 spell levels left.
You didn't know any spells.

Dungeon Overview and Level Annotations

Branches:
Dungeon (7/15)             Temple (1/1) D:6

Altars:
Ashenzari
Cheibriados
Dithmenos
Elyvilon
Fedhas
Gozag
Hepliaklqana
Kikubaaqudgha
Makhleb
Nemelex Xobeh
Qazlal
Ru
Sif Muna
Trog
Uskayaw
Vehumet
Wu Jian
Xom
Yredelemnul
Zin
The Shining One

Annotations:
D:3 Sigmund
D:4 Dowan, Duvessa


Innate Abilities, Weirdness & Mutations

You cannot wear armour.
You are incapable of wielding weapons or throwing items.
Your paws allow you to move quietly. (Stealth)
You have sharp claws.
You have razor-sharp teeth.
You have supernaturally acute eyesight. (SInv)
You are carnivorous and can eat meat at any time.
You cover ground quickly.
You are covered in thick fur. (AC +2)
You have a slow metabolism.
Your sharp claws are effective at attacking unaware monsters.


Message History

Duvessa seems to speed up.
There is a stone staircase leading up here.
Duvessa hits you with a rapier of electrocution!
You stop ascending the stairs.
You die...
Duvessa hits you with a +2 rapier of electrocution.
You are electrocuted!
You are now level 6!
You rejoin the land of the living...
It was a potion of curing.
You feel better.
It was a potion of brilliance.
You feel clever all of a sudden.
It was a potion of cancellation.
Your magical effects are unravelling.
You feel magically purged.
You feel a little less clever now.
It was a potion of flight.
You feel very buoyant.
You fly up into the air.
Are you sure you want to abandon this character and quit the game? (Confirm with "yes".)

#............#.
##.................
##..................
##..####.............
#..## #.............
##.## #.............
###..# #.............
.##.## #.............
..[[# ####.....@.......
....####....##.....#....
.........######.#### #
†..##.#### #.. ...##.#
###. ...##.## ####..
##e....######.<.. ..
#####........... ###
.............#


There were no monsters in sight!

Vanquished Creatures
  An ice beast (D:6)
  Blork the orc (D:4)
  A howler monkey (D:4)
  A crimson imp (D:6)
  A centaur zombie (D:6)
  An orc priest (D:4)
  Jessica (D:2)
  3 orc wizards
  2 worker ants
  Robin (D:4)
  9 adders
  An ooze (D:2)
  An adder skeleton (D:4)
  A dart slug (D:3)
  3 leopard geckos
  9 orcs
  5 bats
  3 giant cockroaches
  25 goblins
  18 hobgoblins
  7 jackals
  3 quokkas
  2 frilled lizards
  5 kobolds
  9 rats
114 creatures vanquished.

Notes
Turn   | Place    | Note
-------+----------+-------------------------------------------
     0 | D:1      | inc the Felid Fighter began the quest for the Orb.
     0 | D:1      | Reached XP level 1. HP: 10/10 MP: 2/2
   375 | D:1      | Reached XP level 2. HP: 13/14 MP: 3/3
   993 | D:2      | Reached skill level 5 in Unarmed Combat
   993 | D:2      | Reached XP level 3. HP: 17/17 MP: 4/4
  1685 | D:2      | Reached XP level 4. HP: 21/21 MP: 5/5
  1707 | D:2      | Noticed Jessica
  1729 | D:2      | Killed Jessica
  1729 | D:2      | Reached skill level 6 in Unarmed Combat
  2349 | D:2      | Reached XP level 5. HP: 24/24 MP: 6/6
  2969 | D:3      | Noticed Sigmund
  3259 | D:4      | Noticed Blork the orc
  3270 | D:4      | Killed Blork the orc
  3270 | D:4      | Reached skill level 7 in Unarmed Combat
  3465 | D:4      | Gained mutation: You are covered in thick fur. (AC +2) [Felid growth]
  3465 | D:4      | Reached XP level 6. HP: 21/28 MP: 7/7
  3669 | D:5      | Entered Level 5 of the Dungeon
  3771 | D:4      | Noticed Robin
  3783 | D:4      | Killed Robin
  3894 | D:4      | Noticed Duvessa
  3896 | D:4      | Noticed Dowan
  4296 | D:6      | Reached skill level 5 in Fighting
  4518 | D:6      | Reached XP level 7. HP: 17/33 MP: 8/8
  4836 | D:6      | Found a staircase to the Ecumenical Temple.
  4992 | Temple   | Entered the Ecumenical Temple
  5046 | Temple   | Became a worshipper of Qazlal Stormbringer
  5765 | D:4      | Slain by Duvessa
  5766 | D:4      | Reached XP level 6. HP: -5/31 MP: 7/7
  5772 | D:4      | Quit the game

Skill      XL: |  1  2  3  4  5  6  7 |
---------------+----------------------+-----
Unarmed Combat | 5 6 7 |  7.2
Fighting       | 5 6 |  6.1
Dodging        | |  4.0

Action                   |  1- 3 |  4- 6 |  7- 9 || total
-------------------------+-------+-------+-------++-------
Melee: Unarmed           |    80 |   221 |    25 ||   326
       Bite              |     5 |    17 |     1 ||    23
       Punch             |     1 |     9 |     2 ||    12
  Use: Potion            |       |     6 |       ||     6
       Scroll            |       |     7 |     1 ||     8
 Stab: Sleeping          |     3 |     1 |     1 ||     5
  Eat: Chunk             |       |    11 |       ||    11
Armor: Skin              |     5 |     4 |     1 ||    10
Dodge: Dodged            |    71 |   200 |    17 ||   288
